 Dungeon Crawl Stone Soup version 0.23-b1-58-ge3fafae (webtiles) character file.

Game seed: 5091439581092590957

28 redwoodhats the Ruffian (level 2, 23/23 HPs)
             Began as a Minotaur Transmuter on Feb 4, 2019.
             Got out of the dungeon alive.
             The game lasted 00:04:49 (716 turns).

redwoodhats the Ruffian (Minotaur Transmuter)        Turns: 716, Time: 00:04:50

Health: 23/23      AC: 10    Str: 19    XL:     2   Next: 96%
Magic:  3/3        EV:  6    Int: 10    God:
Gold:   51         SH:  0    Dex: 10    Spells: 3/4 levels left

rFire    . . .     SeeInvis .   g - +0 dagger
rCold    . . .     Gourm    .   (no shield)
rNeg     . . .     Faith    .   c - +0 plate armour
rPois    .         Spirit   .   (helmet restricted)
rElec    .         Reflect  .   (no cloak)
rCorr    .         Harm     .   (no gloves)
MR       .....                  (no boots)
Stlth    ..........             (no amulet)
HPRegen  0.07/turn              (no ring)
MPRegen  0.08/turn              (no ring)

@: mighty, berserk cooldown, slowed, very slow
A: retaliatory headbutt, horns 2
a: no special abilities


You escaped.
You were not hungry.

You visited 1 branch of the dungeon, and saw 1 of its levels.

You collected 51 gold pieces.

Inventory:

Hand Weapons
 g - a +0 dagger (weapon)
 k - a +0 hunting sling
Missiles
 a - 12 arrows
 l - 8 stones (quivered)
Armour
 b - a +0 robe
 c - a +0 plate armour (worn)
Scrolls
 e - a scroll of remove curse {unknown}
 h - a scroll of identify {unknown}
 i - 2 scrolls of fog {unknown}
Comestibles
 d - 2 rations


   Skills:
 + Level 1.3 Fighting
 + Level 0.1 Short Blades
 + Level 0.5 Armour
 + Level 2.5 Dodging
 + Level 3.9 Unarmed Combat
 + Level 1.5 Spellcasting
 + Level 1.7 Transmutations


You had 3 spell levels left.
You knew the following spells:

 Your Spells              Type           Power        Failure   Level  Hunger
a - Beastly Appendage     Tmut           #.....       100%        1    ##.....

Your spell library contained the following spells:

 Spells                   Type           Power        Failure   Level  Hunger
 Sticks to Snakes         Tmut           #.......     100%        2    ###....
 Spider Form              Tmut/Pois      #.........   100%        3    ####...
 Ice Form                 Ice/Tmut       #.......     100%        4    #####..
 Blade Hands              Tmut           #.........   100%        5    ######.


Dungeon Overview and Level Annotations

Branches:
Dungeon (1/15)

Altars:


Innate Abilities, Weirdness & Mutations

You reflexively headbutt those who attack you in melee.
You have a pair of horns on your head.


Message History

l - 7 stones (gained 3)
l - 8 stones (gained 1) Done exploring.
It was a potion of might.
You feel very mighty all of a sudden.
It was a potion of berserk rage.
A red film seems to cover your vision as you go berserk!
You feel yourself moving faster!
You feel mighty!
You are too berserk!
You feel a strong urge to attack something.
You feel your anger nearly subside.
You are no longer berserk.
You are exhausted.
You feel yourself slow down.
There is a staircase leading out of the dungeon here.
You can't go down here!
Are you sure you want to leave the Dungeon?
This will make you lose the game!
Uppercase [Y]es or [N]o only, please.
Are you sure you want to leave the Dungeon?
This will make you lose the game!
You have escaped!

#........# #.
##############........## ##
##.....................##
##.######P.............P#### ##
##†.....#≈P...........P≈#..#####.
...######≈≈P.........P≈≈#..#.....
##.# #≈≈≈P.......P≈≈≈##.......
...# #≈≈≈≈P.....P≈≈≈≈##.......
##.# #≈≈≈≈≈P.@.P≈≈≈≈≈#....÷)..
##.# #≈≈≈≈P.....P≈≈≈≈##.#..÷..
##.# #≈≈≈P.......P≈≈≈##.#.....
##.# #≈≈P.........P≈≈##.#.....
##.# #≈P...........P≈#........
.#.######P.............P#..####.#
.........##..........####.......#
.....)†.....#####.######...#>...#
##.#####......###.# #..#.#.##..


There were no monsters in sight!

Vanquished Creatures
  3 leopard geckos (D:1)
  A giant cockroach (D:1)
  3 hobgoblins (D:1)
  5 bats (D:1)
  5 frilled lizards (D:1)
  4 kobolds (D:1)
  6 rats (D:1)
27 creatures vanquished.

Notes
Turn   | Place    | Note
-------+----------+-------------------------------------------
     0 | D:1      | redwoodhats the Minotaur Transmuter began the quest for the
                  | Orb.
     0 | D:1      | Reached XP level 1. HP: 16/16 MP: 1/1
   189 | D:1      | Reached XP level 2. HP: 22/23 MP: 3/3
   716 | D:$      | Got out of the dungeon alive.

Action                   || total
-------------------------++-------
Melee: Unarmed           ||    14
       Dagger            ||    71
       Headbutt          ||    11
 Cast: Beastly Appendage ||     1
  Use: Potion            ||     2
Armor: Plate armour      ||    72
       Robe              ||     4
Dodge: Dodged            ||    32
